 Dungeon Crawl Stone Soup version 0.27-a0-1196-g3e9cee4cb2 (webtiles) character file.

Game seed: 17642828614308955272

102 Morbidden the Skirmisher (level 4, -1/38 HPs)
             Began as a Demigod Fighter on May 29, 2021.
             Slain by Grinder (8 damage)
             ... while paralysed by Grinder
             ... on level 3 of the Dungeon.
             The game lasted 00:03:18 (3824 turns).

Morbidden the Skirmisher (Demigod Fighter)          Turns: 3824, Time: 00:03:18

Health: -1/38      AC:  6    Str: 21    XL:     4   Next: 25%
Magic:  6/6        EV:  2    Int: 10    God:
Gold:   69         SH:  0    Dex: 13    Spells: 3/3 levels left

rFire    . . .     SeeInvis .   a - +0 long sword
rCold    . . .     Faith    .   c - +0 kite shield
rNeg     . . .     Spirit   .   b - +0 scale mail
rPois    .         Reflect  .   (no helmet)
rElec    .         Harm     .   (no cloak)
rCorr    .         Rampage  .   (no gloves)
Will     .....                  (no boots)
Stlth    ..........             (no amulet)
HPRegen  0.12/turn              (no ring)
MPRegen  0.10/turn              (no ring)

@: paralysed, on berserk cooldown, slowed
A: high mp 1, forlorn
a: no special abilities


You were on level 3 of the Dungeon.
You visited 1 branch of the dungeon, and saw 3 of its levels.

You collected 69 gold pieces.

Inventory:

Hand Weapons
 a - a +0 long sword (weapon)
Armour
 b - a +0 scale mail (worn)
 c - a +0 kite shield (worn)
Jewellery
 k - a ring of magical power
Scrolls
 d - a scroll of silence {unknown}
 e - 2 scrolls of teleportation
 f - a scroll of torment {unknown}
 g - a scroll of summoning {unknown}
 h - 2 scrolls of identify {unknown}
 j - 2 scrolls of enchant armour {unknown}


   Skills:
 * Level 3.4 Fighting
 * Level 2.6 Long Blades
 + Level 3.3 Armour
 * Level 0.7 Dodging
 + Level 3.1 Shields


You had 3 spell levels left.
You didn't know any spells.
Your spell library was empty.

Dungeon Overview and Level Annotations

Branches:
Dungeon (3/15)

Shops:
D:1 ![![   D:2 =

Annotations:
D:3 Grinder


Innate Abilities, Weirdness & Mutations

Your attributes grow dramatically as you level up.
You have an increased reservoir of magic. (+10% MP)
You shall have no god before yourself.


Message History

No target in view!
No target in view!
A goblin and Grinder come into view.
Grinder shouts!
The goblin shouts!
There are monsters nearby!
Grinder blinks!
Grinder is nearby!
Grinder is nearby!
You hit Grinder.
Grinder is lightly wounded.
Grinder hits you.
You writhe in agony.
Unknown command.
You aren't carrying any items that you can evoke.
Unknown command.
It was a potion of berserk rage.
A red film seems to cover your vision as you go berserk!
You feel yourself moving faster!
You feel mighty! The goblin closely misses you.
Grinder blinks!
Unknown command.
You feel a strong urge to attack something.
You feel your anger nearly subside. The goblin hits you with a +0 club.
You are no longer berserk.
You are exhausted.
You feel yourself slow down.
You hit Grinder.
Grinder is lightly wounded.
Grinder hits you!
You writhe in agony.
You block the goblin's attack. You block Grinder's attack.
You block the goblin's attack.
You barely miss Grinder.
Grinder is lightly wounded.
Grinder gestures at you.
You suddenly lose the ability to move!
The goblin hits you but does no damage. Grinder hits you!
You writhe in agony.
* * * LOW HITPOINT WARNING * * *
The goblin hits you but does no damage. Grinder hits you but does no damage.
The goblin hits you with a +0 club.
* * * LOW HITPOINT WARNING * * *
Grinder hits you!
You die...

## #####
#.###.#.####
#...........
#.#.......# #
#...5@g.#
#.#.....#.# #
.#####.#.#.#
..###.#.#.###.#
#.#...........#
#.#.#.....#.#####
##.#.......#...
..#.......#####
######.#...........


You could see Grinder and a goblin.

Vanquished Creatures
  2 gnolls (D:1)
  An adder (D:2)
  A worm (D:2)
  3 dart slugs
  An orc (D:3)
  9 bats
  3 endoplasms
  2 giant cockroaches (D:1)
  8 goblins
  6 hobgoblins
  2 jackals (D:1)
  2 quokkas (D:1)
  5 ball pythons
  A frilled lizard (D:1)
  10 kobolds
  3 rats
59 creatures vanquished.

Vanquished Creatures (others)
  2 withered plants (D:3)
2 creatures vanquished.

Grand Total: 61 creatures vanquished

Notes
Turn   | Place    | Note
-------+----------+-------------------------------------------
     0 | D:1      | Morbidden the Demigod Fighter began the quest for the Orb.
     0 | D:1      | Reached XP level 1. HP: 18/18 MP: 3/3
    78 | D:1      | Reached XP level 2. HP: 24/26 MP: 4/4
    80 | D:1      | Found Zuwyich's Distillery.
   216 | D:1      | HP: 1/26 [goblin/+0 club (4)]
   712 | D:1      | Found Duwaunuc's Distillery.
   718 | D:1      | Reached XP level 3. HP: 20/31 MP: 5/5
   933 | D:1      | Found Zigeyps's Armour Shop.
  1326 | D:1      | Found Donei's Armour Boutique.
  2888 | D:2      | Reached XP level 4. HP: 23/38 MP: 6/6
  3339 | D:2      | Found Kupunt's Jewellery Boutique.
  3809 | D:3      | Noticed Grinder
  3822 | D:3      | Paralysed by Grinder for 6 turns
  3824 | D:3      | Slain by Grinder

Illustrated notes

Levels and vault maps discovered:
D:1:      dpeg_arrival_morbid_curiosity, layout_basic, serial_shops, shop, shop,
          nicolae_shop_waterfront, shop
D:2:      layout_basic, ebering_ecumenical_altar_hall, serial_shops, shop,
          minmay_pentomino_z4
D:3:      minmay_chambers_of_twos, layout_basic, nicolae_overflow_hidden_temple,
          lemuel_round_altar, nicolae_overflow_crystal_walls,
          yredelemnul_altar_generic, uniq_grinder

Skill      XL: |  1  2  3 |
---------------+----------+-----
Fighting       | 3 |  3.4
Armour         | 3 |  3.3
Long Blades    | 2 |  2.6
Shields        | 3 |  3.1
Dodging        | |  0.7

Action                   |  1- 3 |  4- 6 || total
-------------------------+-------+-------++-------
Melee: Long sword        |   163 |    49 ||   212
  Use: Potion            |     2 |     1 ||     3
       Scroll            |       |     1 ||     1
Armor: Scale mail        |   101 |    23 ||   124
Dodge: Dodged            |    59 |    10 ||    69
Block: Kite shield       |   137 |    32 ||   169
       Rpst.: Long sword |    19 |     3 ||    22

Table legend: (Time is in decaauts)
 A = Elapsed time spent in this place.
 B = Non-inter-level travel time spent in this place.
 C = Inter-level travel time spent in this place.
 D = Time resting spent in this place.
 E = Time spent auto-exploring this place.
 F = Levels seen in this place.
 G = Mean time per level.
                   A        B        C        D        E       F      G
               +--------+--------+--------+--------+--------+-----+--------+
         Total |   3940 |   3793 |    147 |    253 |   2940 |   3 | 1313.3 |
       Dungeon |   3940 |   3793 |    147 |    253 |   2940 |   3 | 1313.3 |
               +--------+--------+--------+--------+--------+-----+--------+

Top non-repeatable levels by time:
     D:1: 2513 daAuts
     D:2: 1143 daAuts
     D:3: 283 daAuts
